 Dungeon Crawl Stone Soup version 0.23.0 (webtiles) character file.

Game seed: 15233114034429715666

168 Laan the Conjurer (level 5, -3/31 HPs)
             Began as an Octopode Wizard on Feb 15, 2019.
             Slain by Eustachio
             ... wielding a +0 rapier
              (8 damage)
             ... on level 4 of the Dungeon.
             The game lasted 00:06:21 (4013 turns).

Laan the Conjurer (Octopode Wizard)                 Turns: 4013, Time: 00:06:22

Health: -3/31      AC:  1    Str:  6    XL:     5   Next: 48%
Magic:  7/11       EV: 13    Int: 22    God:
Gold:   128        SH:  0    Dex: 10    Spells: 6/12 levels left

rFire    . . .     SeeInvis .   h - +3 hand axe
rCold    . . .     Gourm    .   (no shield)
rNeg     . . .     Faith    .   a - +0 hat
rPois    .         Spirit   .   (no amulet)
rElec    .         Reflect  .   (no ring)
rCorr    .         Harm     .   (no ring)
MR       .....                  (no ring)
Stlth    +++.......             (no ring)
HPRegen  0.10/turn              (no ring)
MPRegen  0.12/turn              (no ring)
                                (no ring)
                                (no ring)

@: no status effects
A: almost no armour, stealthy swim, amphibious, 8 rings, constrict 8, camouflage
1, gelatinous body 1
a: no special abilities


You were on level 4 of the Dungeon.
You were not hungry.

You visited 1 branch of the dungeon, and saw 4 of its levels.

You collected 128 gold pieces.

Inventory:

Hand Weapons
 h - a +3 hand axe (weapon)
Missiles
 k - 38 arrows
Armour
 a - a +0 hat (worn)
Scrolls
 b - a scroll of enchant armour {unknown}
 e - 7 scrolls of identify
 f - 2 scrolls of remove curse
 g - a scroll of fear
 i - 2 scrolls of teleportation {unknown}
 l - a scroll of magic mapping {unknown}
Potions
 d - a potion of might
 j - a potion of berserk rage {unknown}
Comestibles
 c - 6 rations


   Skills:
 - Level 2.0 Dodging
 - Level 2.6 Stealth
 + Level 4.0 Spellcasting
 * Level 4.1 Conjurations
   Level 1.0 Summonings
 - Level 1.0 Translocations
 + Level 0.6 Air Magic


You had 6 spell levels left.
You knew the following spells:

 Your Spells              Type           Power        Failure   Level  Hunger
a - Magic Dart            Conj           ###.         1%          1    None
b - Blink                 Tloc           N/A          11%         2    #......
c - Mephitic Cloud        Conj/Pois/Air  ##......     17%         3    ###....

Your spell library contained the following spells:

 Spells                   Type           Power        Failure   Level  Hunger
 Call Imp                 Summ           #.......     11%         2    #......
 Conjure Flame            Conj/Fire      ##......     14%         3    ###....
 Slow                     Hex            #.......     17%         2    #......


Dungeon Overview and Level Annotations

Branches:
Dungeon (4/15)
 Temple: D:4-7

Altars:
Cheibriados
Ru
The Shining One

Annotations:
D:3 3 runed translucent doors, mys's ghost, amateur CeWr
D:4 Eustachio


Innate Abilities, Weirdness & Mutations

You cannot wear most types of armour.
You are very stealthy in the water. (Stealth+)
You are amphibious.
You can wear up to eight rings at the same time.
You can use your tentacles to constrict eight enemies at once.
Your skin changes colour to match your surroundings (Stealth+).
Your rubbery body absorbs attacks. (AC +1, EV +1)


Message History

Eustachio is severely wounded.
You miss the hound. You constrict Eustachio.
The hound bites you but does no damage. Eustachio closely misses you.
Eustachio hits you with a +0 rapier.
You hit Eustachio.
Eustachio is almost dead.
You barely miss the jackal. You hit the river rat but do no damage.
You barely miss the hound. You constrict Eustachio.
The hound closely misses you. The jackal barely misses you.
The river rat barely misses you. The hound bites you.
Eustachio gestures wildly while chanting.
You hit Eustachio but do no damage.
Eustachio is almost dead.
You barely miss the crimson imp. You hit the hound.
You hit the river rat but do no damage. You hit the jackal.
You constrict Eustachio. The jackal barely misses you. The hound bites you.
The river rat bites you!
* * * LOW HITPOINT WARNING * * *
The jackal barely misses you. Eustachio hits you with a +0 rapier!
You die...

#.#.....#.###
#.#..........
#.#...#.#####
#.#.....#..
#.#######.######
#.......#.......
#######.#.5..#
#.#@5..##.
#5@hr.....
#..hr......
#.#####..[. #.
### #. #. ..


You could see Eustachio, a hound, a crimson imp, a river rat, a white imp, an
ufetubus, a jackal and a rat.

Vanquished Creatures
  Jessica (D:2)
  A worker ant (D:4)
  Robin (D:2)
  3 adders (D:2)
  An ooze (D:1)
  3 worms
  A dart slug (D:2)
  A giant cockroach (D:2)
  13 goblins
  9 hobgoblins
  7 jackals
  6 kobolds
  6 bats
  3 frilled lizards
  7 rats
63 creatures vanquished.

Notes
Turn   | Place    | Note
-------+----------+-------------------------------------------
     0 | D:1      | Laan the Octopode Wizard began the quest for the Orb.
     0 | D:1      | Reached XP level 1. HP: 11/11 MP: 4/4
   217 | D:1      | Reached XP level 2. HP: 17/17 MP: 4/6
   436 | D:1      | Learned a level 2 spell: Blink
   677 | D:1      | Reached XP level 3. HP: 21/21 MP: 1/7
  1735 | D:2      | Reached XP level 4. HP: 27/27 MP: 2/9
  1926 | D:2      | Noticed Robin
  1931 | D:2      | Killed Robin
  2152 | D:2      | Noticed Jessica
  2159 | D:2      | Killed Jessica
  2159 | D:2      | Reached XP level 5. HP: 31/31 MP: 3/10
  2533 | D:2      | Learned a level 3 spell: Mephitic Cloud
  2700 | D:3      | Found a glowing golden altar of the Shining One.
  2792 | D:3      | Found a runed translucent gate.
  2792 | D:3      | Found a runed translucent gate.
  2792 | D:3      | Noticed mys's ghost (amateur CeWr)
  2793 | D:3      | Found a runed translucent gate.
  2875 | D:3      | Found a sacrificial altar of Ru.
  2889 | D:3      | Found a snail-covered altar of Cheibriados.
  4002 | D:4      | Noticed Eustachio
  4013 | D:4      | Slain by Eustachio

Skill      XL: |  1  2  3  4  5 |
---------------+----------------+-----
Conjurations   | 2 3 4 |  4.1
Spellcasting   | 4 |  4.0
Dodging        | |  2.0
Stealth        | |  2.6
Summonings     | |  1.0
Translocations | |  1.0
Air Magic      | |  0.6

Action                   |  1- 3 |  4- 6 || total
-------------------------+-------+-------++-------
Melee: Constrict         |     3 |     3 ||     6
       Tentacles         |     2 |     1 ||     3
       Unarmed           |     1 |       ||     1
       Hand axe          |     2 |    17 ||    19
 Cast: Magic Dart        |    75 |    82 ||   157
  Use: Scroll            |     4 |       ||     4
       Potion            |       |     4 ||     4
 Stab: Sleeping          |       |     1 ||     1
  Eat: Chunk             |     2 |     7 ||     9
Armor: Skin              |     2 |     2 ||     4
Dodge: Dodged            |     6 |    27 ||    33
